 Dungeon Crawl Stone Soup version 0.27-a0-1579-g97d2440184 (webtiles) character file.

Game seed: 14423194268646617319

6239 Spaninq the Grappler (level 10, -15/90 HPs)
             Began as a Pale Draconian Transmuter on July 17, 2021.
             Was a Believer of Ashenzari.
             Demolished by an orc warrior (20 damage)
             ... in a bailey.
             The game lasted 00:30:04 (11213 turns).

Spaninq the Grappler (Pale Draconian Transmuter)   Turns: 11213, Time: 00:30:04

Health: -15/90     AC:  8    Str: 13    XL:     10   Next: 62%
Magic:  21/21      EV: 14    Int: 16    God:    Ashenzari [**....]
Gold:   506        SH:  0    Dex: 12    Spells: 20/24 levels left

rFire    . . .     SeeInvis +     - Unarmed
rCold    . . .     Faith    .   (no shield)
rNeg     . . .     Spirit   .   (armour unavailable)
rPois    .         Reflect  .   (helmet currently unavailable)
rElec    .         Harm     .   (no cloak)
rCorr    .         Rampage  .   v - +0 pair of gloves "Perceptive Foul Odors" {Elem, Alch} (curse)
Will     +....                  (boots currently unavailable)
Stlth    +.........             e - amulet of Desmomancy {RegenMP, Self, Evo} (curse)
HPRegen  0.25/turn              b - ring of see invisible
MPRegen  0.42/turn              k - ring "Tethered Cynicism" {Will+, Bglg, Alch} (curse)

@: mighty, appendages
A: horns 2, talons 2, breathe steam, AC +7, unfitting armour, cold-blooded,
steam resistance
a: Breathe Steam, End Transformation, Renounce Religion, Shatter the Chains


You were in a bailey.
You worshipped Ashenzari.
Ashenzari was pleased with you.
You had temporarily grown beastly horns and talons.
You visited 2 branches of the dungeon, and saw 11 of its levels.
You also visited: Sewer, Ossuary and Bailey.

You collected 506 gold pieces.

Inventory:

Armour
 v - the cursed +0 pair of gloves "Perceptive Foul Odors" (worn) {Elem, Alch}
   (You found it on level 7 of the Dungeon)

   It has a curse which improves the following skills: Elements: Fire Magic, Ice
   Magic, Air Magic and Earth Magic.
   Alchemy:   Poison Magic and Transmutations.
Jewellery
 b - a ring of see invisible (left hand)
 e - the cursed amulet of Desmomancy (around neck) {RegenMP, Self, Evo}
   (You found it on level 1 of the Dungeon)

   [amulet of magic regeneration]

   It increases your rate of magic regeneration.
   It has a curse which improves the following skills: Introspection: Fighting
   and Spellcasting.
   Evocations: Evocations.
 j - an amulet of the acrobat
 k - the cursed ring "Tethered Cynicism" (right hand) {Will+, Bglg, Alch}
   (You found it on level 3 of the Dungeon)

   [ring of willpower]

   Will:      It increases your willpower.
   It has a curse which improves the following skills: Beguiling: Conjurations,
   Hexes and Translocations.
   Alchemy:   Poison Magic and Transmutations.
 t - a ring of resist corrosion
Wands
 q - a wand of mindburst (18)
 w - a wand of acid (9)
 y - a wand of digging (6)
Scrolls
 d - 2 scrolls of enchant armour
 f - 7 scrolls of enchant weapon
 i - 4 scrolls of blinking
 l - 6 scrolls of teleportation
 m - a scroll of brand weapon
 o - 3 scrolls of fog
 r - 2 scrolls of magic mapping
 x - a scroll of silence
Potions
 a - 2 potions of magic
 c - 2 potions of might
 g - 3 potions of ambrosia
 h - 4 potions of curing
 n - a potion of resistance
 p - a potion of haste
 s - a potion of cancellation
 u - a potion of brilliance


   Skills:
 + Level 7.1(8.6) Fighting
 + Level 6.1 Dodging
 * Level 10.0 Unarmed Combat
 + Level 6.3(7.8) Spellcasting
 + Level 7.0(9.3) Transmutations


You had 20 spell levels left.
You knew the following spells:

 Your Spells              Type           Power      Damage    Failure   Level
a - Beastly Appendage     Tmut           72%        N/A       1%          1
b - Spider Form           Tmut/Pois      10%        N/A       4%          3

Your spell library contained the following spells:

 Spells                   Type           Power      Damage    Failure   Level
 Wereblood                Tmut           36%        N/A       1%          2
 Apportation              Tloc           12%        N/A       11%         1
 Corona                   Hex            6%         N/A       11%         1
 Animate Skeleton         Necr           12%        N/A       12%         1
 Summon Small Mammal      Summ           24%        N/A       12%         1
 Blink                    Tloc           N/A        N/A       16%         2
 Ice Form                 Ice/Tmut       21%        N/A       16%         4
 Dazzling Flash           Conj/Hex       12%        N/A       32%         3
 Frozen Ramparts          Ice            12%        1d3       32%         3
 Lesser Beckoning         Tloc           3%         N/A       32%         3
 Summon Guardian Golem    Hex/Summ       6%         N/A       32%         3
 Tukima's Dance           Hex            6%         N/A       32%         3
 Yara's Violent Unravell  Hex/Tmut       10%        3d6       41%         5
 Summon Ice Beast         Ice/Summ       6%         N/A       73%         4
 Manifold Assault         Tloc           6%         N/A       96%         5
 Silence                  Hex/Air        3%         N/A       96%         5
 Agony                    Necr           6%         N/A       97%         5


Dungeon Overview and Level Annotations

Branches:
Dungeon (10/15)            Temple (1/1) D:4           Sewer (visited)
Ossuary (visited)          Bailey (1/1)
   Lair: D:8-11         Orc: D:9-12

Altars:
Ashenzari
Elyvilon
Fedhas
Gozag
Makhleb
Nemelex Xobeh
Qazlal
Ru
Trog
Xom
Yredelemnul
Zin
The Shining One

Shops:
D:7 =


Innate Abilities, Weirdness & Mutations

You have temporarily grown beastly horns and talons.
You can breathe blasts of scalding, opaque steam.
Your pale cyan-grey scales are hard. (AC +7)
You cannot fit into any form of body armour.
You are cold-blooded and may be slowed by cold attacks.
You are immune to the effects of steam.


Message History

The orc warrior closely misses you.
Casting: Spider Form (mildly dangerous; 4% risk of failure)
Confirm with . or Enter, or press ? or * to list all spells.
You grow a pair of large bovine horns.
Your feet morph into talons.
The orc warrior shoots a bolt.
The bolt hits you. The orc barely misses you.
The orc warrior is engulfed in a cloud of scalding steam.
The orc warrior completely misses you.
The orc knight roars a battlecry!
The orcs go into a battle-frenzy!
The orc barely misses you.
The orc warrior is engulfed in a cloud of scalding steam.
The orc warrior hits you from afar with a +0 halberd!!
The orc warrior shoots a bolt.
The bolt hits you! The orc hits you but does no damage.
The orc warrior hits you from afar with a +0 halberd!
You have got your breath back.
The orc suddenly grunts.
The orc warrior shoots a bolt.
The bolt hits you!
* * * LOW HITPOINT WARNING * * *
There is a gate leading back out of this place here.
You feel very mighty all of a sudden.
The orc shouts!
The orc hits you but does no damage. The orc warrior barely misses you.
The orc warrior is engulfed in a cloud of scalding steam.
The orc barely misses you. The orc warrior misses you.
There is an empty arch of ancient stone here.
You punch the orc!
You kill the orc!
You closely miss the orc warrior.
The orc warrior is moderately wounded.
The orc warrior misses you.
The orc warrior shoots a bolt.
The bolt hits you!
* * * LOW HITPOINT WARNING * * *
The orc warrior shoots a bolt.
The bolt hits you.
* * * LOW HITPOINT WARNING * * *
The orc jeers repeatedly.
The orc completely misses you.
You punch the orc warrior!
The orc warrior is heavily wounded.
The orc warrior hits you with a +0 halberd!!
You die...

### * #### ##∩##
##### * ,
.....*#.o@##.....
o≈≈≈..#.).#§.≈≈≈.
* ,
≈≈o≈≈..o.o..≈≈.≈≈
*
,≈ooo≈.......≈ooo≈
+ , * *
≈≈o≈≈.......≈≈o≈≈
*
.≈≈≈..#...#..≈≈≈.
,, *
.....##...##.....
* ##### ##∩##
##### * ###


You could see 4 orc warriors and 2 orcs.

Vanquished Creatures
  Harold (D:7)
  A two-headed ogre (D:10)
  An ugly thing (D:9)
  Maggie (D:8)
  A hornet (D:7)
  Prince Ribbit (D:8)
  A wraith (Ossuary)
  A vampire (D:9)
  A water moccasin (D:7)
  2 orc warriors (D:9)
  Purgy (Sewer)
  4 ice beasts
  A black bear (D:5)
  3 sky beasts
  4 centaurs
  A phantom (D:6)
  3 kobold brigands
  3 bullfrogs
  3 scorpions
  A wyvern zombie (D:9)
  2 water moccasin skeletons
  6 howler monkeys
  A crimson imp (D:7)
  4 centaur zombies
  A bullfrog zombie (D:6)
  A jelly (D:4)
  An orc priest (D:9)
  A centaur skeleton (D:7)
  A human zombie (Ossuary)
  2 hounds
  8 iguanas
  Terence (D:2)
  4 orc wizards
  3 killer bee zombies
  2 howler monkey zombies
  3 mummies (Ossuary)
  Robin (D:2)
  4 gnolls (D:2)
  A howler monkey skeleton (D:6)
  3 adders
  3 white imps
  2 worms
  A dart slug (D:2)
  15 orcs
  7 bats
  6 endoplasms
  7 giant cockroaches
  A gnoll zombie (Ossuary)
  19 goblins
  11 hobgoblins
  4 jackals (D:1)
  2 quokkas
  4 ball pythons
  3 frilled lizards
  2 goblin zombies (Ossuary)
  4 hobgoblin zombies (Ossuary)
  23 kobolds
  3 kobold zombies (Ossuary)
  8 rats
210 creatures vanquished.

Notes
Turn   | Place    | Note
-------+----------+-------------------------------------------
     0 | D:1      | Spaninq the Draconian Transmuter began the quest for the
                  | Orb.
     0 | D:1      | Reached XP level 1. HP: 16/16 MP: 3/3
   149 | D:1      | Reached XP level 2. HP: 20/23 MP: 3/5
   223 | D:1      | You fall into a shaft and drop 1 floor!
   267 | D:2      | Noticed Robin
   288 | D:2      | Killed Robin
   311 | D:2      | Reached XP level 3. HP: 12/28 MP: 4/6
  1385 | D:2      | Found a faded altar of an unknown god.
  1726 | D:2      | Reached XP level 4. HP: 35/36 MP: 7/7
  1783 | D:2      | Reached skill level 4 in Unarmed Combat
  2392 | D:2      | Reached XP level 5. HP: 41/41 MP: 8/8
  2511 | D:2      | Noticed Terence
  2522 | D:2      | Killed Terence
  3151 | D:3      | Found a glowing golden altar of the Shining One.
  3277 | D:3      | Found a stormy altar of Qazlal.
  3386 | D:4      | Found a bloodstained altar of Trog.
  3484 | D:4      | Found a staircase to the Ecumenical Temple.
  3493 | Temple   | Entered the Ecumenical Temple
  3499 | Temple   | Became a worshipper of Ashenzari the Shackled
  3538 | D:4      | Reached XP level 6. HP: 18/50 MP: 10/10
  3610 | D:4      | Found a glowing drain.
  3637 | Sewer    | Entered a sewer
  3863 | Sewer    | Reached skill level 5 in Unarmed Combat
  3995 | Sewer    | Noticed Purgy
  4002 | Sewer    | Killed Purgy
  4314 | D:4      | Your scales start taking on a pale cyan-grey colour.
  4314 | D:4      | Reached XP level 7. HP: 37/57 MP: 10/12
  4314 | D:4      | Gained mutation: You are immune to the effects of steam.
                  | [Pale Draconian growth]
  4576 | D:5      | Entered Level 5 of the Dungeon
  5043 | D:5      | Reached skill level 6 in Unarmed Combat
  5059 | D:5      | Found a white marble altar of Elyvilon.
  5156 | D:5      | Found a basalt altar of Yredelemnul.
  5460 | D:6      | Found a sand-covered staircase.
  5469 | Ossuary  | Entered an ossuary
  5469 | Ossuary  | Noticed a wraith
  5469 | Ossuary  | Noticed a wraith
  5469 | Ossuary  | Noticed a wraith
  5639 | Ossuary  | Noticed a wraith
  5643 | Ossuary  | Killed a wraith
  5644 | Ossuary  | Reached XP level 8. HP: 58/66 MP: 12/14
  6034 | D:6      | Found an opulent altar of Gozag.
  6081 | D:6      | Reached skill level 7 in Unarmed Combat
  6513 | D:6      | Reached skill level 5 in Transmutations
  7019 | D:7      | Reached skill level 5 in Fighting
  7019 | D:7      | Reached XP level 9. HP: 74/74 MP: 15/17
  7156 | D:7      | Noticed Harold
  7223 | D:7      | Killed Harold
  7224 | D:7      | Reached skill level 5 in Dodging
  7224 | D:7      | Reached skill level 8 in Unarmed Combat
  7224 | D:7      | Reached skill level 5 in Spellcasting
  7526 | D:7      | Found Dozifuwn's Jewellery Shop.
  7889 | D:7      | Found a shimmering altar of Xom.
  7889 | D:7      | Found a burning altar of Makhleb.
  8394 | D:8      | Noticed Maggie
  8464 | D:7      | Learned a level 3 spell: Spider Form
  8465 | D:8      | Noticed Prince Ribbit
  8480 | D:8      | Killed Prince Ribbit
  8481 | D:8      | Reached skill level 9 in Unarmed Combat
  8631 | D:8      | Reached XP level 10. HP: 81/84 MP: 19/19
  8655 | D:8      | Killed Maggie
  9117 | D:8      | Identified the +0 leather armour of the Realm of Zot
                  | {Contam Fly Regen+ Str+2}
  9288 | D:8      | Found a glowing silver altar of Zin.
  9342 | D:8      | Identified the +7 mace "Goblinslayer" {protect, rPois rF-
                  | Will++ rCorr}
 10178 | D:9      | Noticed a white ugly thing
 10214 | D:9      | Identified the Tome of Malediction
 10253 | D:9      | Killed a white ugly thing
 10566 | D:9      | Reached * piety under Ashenzari
 10594 | D:9      | Found a sparkling altar of Nemelex Xobeh.
 11005 | D:10     | Entered Level 10 of the Dungeon
 11065 | D:10     | Reached ** piety under Ashenzari
 11079 | D:10     | Noticed a two-headed ogre
 11086 | D:10     | Killed a two-headed ogre
 11087 | D:10     | Reached skill level 10 in Unarmed Combat
 11098 | D:10     | Found a flagged portal.
 11105 | D:10     | Identified the cursed +0 pair of gloves "Perceptive Foul
                  | Odors" {Elem, Alch} (You found it on level 7 of the
                  | Dungeon)
 11197 | Bailey   | Entered a bailey
 11199 | Bailey   | Noticed an orc knight
 11213 | Bailey   | Demolished by an orc warrior

Illustrated notes

Levels and vault maps discovered:
D:1:      minmay_arrival_arboretum_large, layout_basic, corexii_corridor_pit
D:2:      layout_basic, serial_curves, eino_curves_03, eino_curves_04,
          eino_curves_01, hellmonk_ecumenical_altar_slurped_away,
          minmay_nonomino_d4, uniq_robin, uniq_terence
D:3:      layout_rooms, nicolae_tso_carved_into_rock,
          mainiacjoe_overflow_24_doors
D:4:      layout_rooms, trog_three_pillars_becter, minmay_temple_entry_glass,
          cheibrodos_sewer_entry_bend
D:5:      layout_rooms, mainiacjoe_overflow_alcove_2,
          mainiacjoe_overflow_cross_hatched
D:6:      layout_basic, nicolae_gozag_seed_capital, enter_ossuary_3
D:7:      layout_basic, grunt_temple_overflow_champion_of_chaos, serial_shops,
          shop_statue, uniq_harold
D:8:      layout_layer_cave, lemuel_tele_altar, uniq_maggie, uniq_prince_ribbit1
D:9:      layout_loops_ring, nemelex_spade_bored_becter
D:10:     nzn_winding_woodlands_large [nzn_winding_woodlands_hourglass,
          nzn_winding_woodlands_5x15_concentric,
          nzn_winding_woodlands_5x5_cross,
          nzn_winding_woodlands_center_pierced_h,
          nzn_winding_woodlands_15x15_eel_pit,
          nzn_winding_woodlands_center_diamonds,
          nzn_winding_woodlands_5x5_perimeter,
          nzn_winding_woodlands_5x15_pathside_ponds,
          nzn_winding_woodlands_5x5_default], layout_stronghold,
          mainiacjoe_overflow_catch_the_wave, enter_bailey_3,
          minmay_misc_feat_chi
Temple:   eino_wide_crystal_templ
Bailey:   bailey_polearm_4, bailey

Skill      XL: |  1  2  3  4  5  6  7  8  9 10 |
---------------+-------------------------------+-----
Dodging        | 2 3 4 5 6 |  6.1
Fighting       | 2 3 4 5 6 7 |  7.1
Unarmed Combat | 4 5 6 7 9 10 | 10.0
Transmutations | 3 4 5 6 7 |  7.0
Spellcasting   | 3 4 5 6 |  6.3

Action                   |  1- 3 |  4- 6 |  7- 9 | 10-12 || total
-------------------------+-------+-------+-------+-------++-------
Melee: Unarmed           |   116 |   201 |   204 |    72 ||   593
       Kick              |    24 |    35 |    45 |     9 ||   113
       Headbutt          |    10 |    27 |    33 |     8 ||    78
       Tailslap          |     8 |    21 |    26 |     5 ||    60
       Punch             |     1 |     6 |     4 |     1 ||    12
 Cast: Beastly Appendage |    27 |    37 |    39 |    15 ||   118
       Spider Form       |       |       |     1 |     4 ||     5
Invok: Curse Item        |       |       |     1 |     2 ||     3
 Abil: Breathe Steam     |       |       |    35 |    16 ||    51
  Use: Potion            |       |     2 |     4 |     1 ||     7
 Stab: Sleeping          |       |     2 |       |       ||     2
       Invisible         |       |       |     2 |       ||     2
Armor: Skin              |    23 |    64 |    49 |    18 ||   154
Dodge: Dodged            |    55 |   123 |   143 |    85 ||   406

Table legend: (Time is in decaauts)
 A = Elapsed time spent in this place.
 B = Non-inter-level travel time spent in this place.
 C = Inter-level travel time spent in this place.
 D = Time resting spent in this place.
 E = Time spent auto-exploring this place.
 F = Levels seen in this place.
 G = Mean time per level.
                   A        B        C        D        E       F      G
               +--------+--------+--------+--------+--------+-----+--------+
         Total |  11167 |  10845 |    322 |   2221 |   6312 |  14 |  797.6 |
       Dungeon |  10190 |   9868 |    322 |   1903 |   5974 |  10 | 1019.0 |
        Temple |     12 |     12 |      0 |      0 |      0 |   1 |   12.0 |
         Sewer |    480 |    480 |      0 |    292 |     17 |   1 |  480.0 |
       Ossuary |    468 |    468 |      0 |     26 |    321 |   1 |  468.0 |
        Bailey |     15 |     15 |      0 |      0 |      0 |   1 |   15.0 |
               +--------+--------+--------+--------+--------+-----+--------+

Top non-repeatable levels by time:
     D:2: 1993 daAuts
     D:8: 1428 daAuts
     D:7: 1364 daAuts
     D:9: 1230 daAuts
     D:6: 1045 daAuts
     D:5: 864 daAuts
     D:1: 835 daAuts
     D:4: 695 daAuts
     D:3: 543 daAuts
   Sewer: 480 daAuts
 Ossuary: 468 daAuts
    D:10: 190 daAuts
  Bailey: 15 daAuts
  Temple: 12 daAuts
